 Dungeon Crawl Stone Soup version 0.27.1-3-gb3d3a73c9e (webtiles) character file.

Game seed: 3832978615983807769

56 Araneus the Skirmisher (level 3, -1/29 HPs)
             Began as a Demonspawn Fighter on Oct 8, 2021.
             Splashed by a hobgoblin's acid (6 damage)
             ... on level 3 of the Dungeon.
             The game lasted 00:03:57 (1507 turns).

Araneus the Skirmisher (Demonspawn Fighter)         Turns: 1507, Time: 00:03:58

Health: -1/29      AC:  6    Str: 17    XL:     3   Next: 69%
Magic:  3/3        EV: 10    Int:  9    God:
Gold:   97         SH:  8    Dex: 12    Spells: 2/2 levels left

rFire    . . .     SeeInvis .   a - +0 trident
rCold    . . .     Faith    .   c - +0 kite shield
rNeg     . . .     Spirit   .   b - +0 scale mail
rPois    .         Reflect  .   (no helmet)
rElec    .         Harm     .   (no cloak)
rCorr    +         Rampage  .   (no gloves)
Will     .....                  (no boots)
Stlth    ..........             (no amulet)
HPRegen  0.09/turn              f - +4 ring of evasion
MPRegen  0.08/turn              m - ring of resist corrosion

@: no status effects
A: claws 1
a: no special abilities


You were on level 3 of the Dungeon.
You visited 1 branch of the dungeon, and saw 3 of its levels.

You collected 97 gold pieces.

Inventory:

Hand Weapons
 a - a +0 trident (weapon)
Missiles
 h - a throwing net (quivered)
Armour
 b - a +0 scale mail (worn)
 c - a +0 kite shield (worn)
Jewellery
 f - a +4 ring of evasion (left claw)
 m - a ring of resist corrosion (right claw)
Scrolls
 g - 5 scrolls of identify {unknown}
 i - a scroll of noise {unknown}
 k - a scroll of silence {unknown}
 l - a scroll of enchant armour {unknown}
 n - a scroll of amnesia {unknown}
Potions
 d - a potion of might
 e - a potion of brilliance {unknown}
 j - a potion of flight {unknown}


   Skills:
 - Level 3.0 Fighting
 - Level 2.0(2.8) Axes
 + Level 3.0(3.3) Polearms
 - Level 2.6 Armour
 - Level 2.6 Shields


You had 2 spell levels left.
You didn't know any spells.
Your spell library was empty.

Dungeon Overview and Level Annotations

Branches:
Dungeon (3/15)

Altars:


Innate Abilities, Weirdness & Mutations

You have sharp fingernails.


Message History

You hit the dart slug.
The dart slug is moderately wounded.
The hobgoblin hits you. You block the dart slug's attack.
You hit the dart slug.
The dart slug is severely wounded.
The hobgoblin misses you. The dart slug bites you.
You block the hobgoblin's attack.
You puncture the dart slug!
You kill the dart slug!
The hobgoblin hits you but does no damage.
You hit the hobgoblin but do no damage. The hobgoblin barely misses you.
You closely miss the hobgoblin. You block the hobgoblin's attack.
The hobgoblin hits you but does no damage.
You hit the hobgoblin.
The hobgoblin is heavily wounded.
You block the hobgoblin's attack.
You closely miss the hobgoblin.
The hobgoblin is heavily wounded.
You block the hobgoblin's attack.
You closely miss the hobgoblin.
The hobgoblin is heavily wounded.
The hobgoblin hits you but does no damage. x2
You hit the hobgoblin.
You kill the hobgoblin!
Your Polearms skill increases to level 3!
No target in view!
A hobgoblin comes into view. It is carrying a wand of acid (5).
The hobgoblin zaps a wand.
The bolt of acid hits you. You resist.
You are splashed with acid.
You resist.
You are too injured to fight recklessly!
You are too injured to fight recklessly!
You are too injured to fight recklessly!
You are too injured to fight recklessly!
You are too injured to fight recklessly!
You are too injured to fight recklessly!
You are too injured to fight recklessly!
The hobgoblin zaps a wand.
The bolt of acid hits you. You resist.
* * * LOW HITPOINT WARNING * * *
You are splashed with acid.
You resist.
You die...

######^#
#..#..###.####
#.#
#...##.......
#.# #..#....#
..# #....##.#
..#
..!..##.#..#
... .##.. #...#
.... ...#
#.†.###..
.######.......#
#...@.##..###
#.##g.# #...#
..## .... ####
..## ###


You could see a hobgoblin.

Vanquished Creatures
  An adder (D:3)
  2 dart slugs
  3 ball pythons
  8 endoplasms
  3 giant cockroaches
  5 goblins
  A hobgoblin (D:3)
  3 quokkas
  3 bats (D:2)
  5 frilled lizards
  6 rats (D:1)
40 creatures vanquished.

Notes
Turn   | Place    | Note
-------+----------+-------------------------------------------
     0 | D:1      | Araneus the Demonspawn Fighter began the quest for the Orb.
     0 | D:1      | Reached XP level 1. HP: 18/18 MP: 1/1
   138 | D:1      | Reached skill level 1 in Axes
   398 | D:1      | Gained mutation: You have sharp fingernails. [demonic
                  | ancestry]
   398 | D:1      | Reached XP level 2. HP: 24/24 MP: 2/2
   921 | D:2      | Reached XP level 3. HP: 21/29 MP: 3/3
  1225 | D:2      | Noticed a shining eye
  1227 | D:2      | Found a faded altar of an unknown god.
  1229 | D:2      | Noticed a shining eye
  1229 | D:2      | Noticed a floating eye
  1229 | D:2      | Noticed a shining eye
  1507 | D:3      | Splashed by a hobgoblin's acid

Illustrated notes

Levels and vault maps discovered:
D:1:      amcnicky_arrival_blooded_trapdoor, layout_loops_ring, minivault_25,
          hangedman_feature_mirror, chequers_mini_garden, patterned_corridor
D:2:      layout_rooms, hellmonk_ecumenical_altar_watching_god
D:3:      layout_rooms, fountainhead, grunt_ministairs_7, corner_web_ring

Skill      XL: |  1  2  3 |
---------------+----------+-----
Axes           | 1 2 |  2.0
Polearms       | 2 3 |  3.0
Fighting       | |  3.0
Armour         | |  2.6
Shields        | |  2.6

Action                   || total
-------------------------++-------
Melee: Trident           ||   115
Armor: Scale mail        ||    46
Dodge: Dodged            ||    45
Block: Kite shield       ||    41
